[Event "Early-Titled-Tuesday-Blitz-February-06-2024"]
[Site "Chess.com"]
[Date "2024.02.06"]
[Round "2"]
[White "Ural_bogatyr"]
[Black "AndresDelgado77"]
[Result "1-0"]
[WhiteElo "2535"]
[BlackElo "2341"]
[TimeControl "180+1"]
[EndTime "8:16:42 PST"]
[Termination "Ural_bogatyr won on time"]

1. d4 Nf6 2. Nc3 e6 3. e4 d5 4. Bg5 Bb4 5. e5 h6 6. Bd2 Bxc3 7. bxc3 Ne4 8. Bc1 c5 9. Ne2 Qa5 10. f3 cxd4 11. fxe4 dxc3 12. exd5 exd5 13. Nd4 Nc6 14.
Nxc6 bxc6 15. Bd3 O-O 16. O-O c5 17. Qh5 c4 18. Bf5 g6 19. Bxg6 Qb6+ 20. Kh1 Qxg6 21.
Qh4 Bf5 22. Bxh6 Be4 23. Qh3 Rfe8 24. Rf4 f5 25. exf6 Kf7 26. Qd7+ Kg8 27. f7+ 1-0

[Event "Early-Titled-Tuesday-Blitz-February-06-2024"]
[Site "Chess.com"]
[Date "2024.02.06"]
[Round "2"]
[White "Kazan28"]
[Black "Rikikits"]
[Result "0-1"]
[WhiteElo "2580"]
[BlackElo "2834"]
[TimeControl "180+1"]
[EndTime "8:16:45 PST"]
[Termination "Rikikits won by resignation"]

1. e4 c6 2. Nf3 d5 3. d3 Qc7 4.
Nc3 dxe4 5. dxe4 e5 6. a4 Nf6 7.
Bc4 Bb4 8. O-O O-O 9. Qe2 Bg4 10. h3 Bh5 11. Nd1 Nbd7 12. c3 Be7 13. Ne3 Nc5 14. Nf5 Ncxe4 15. Nxe7+ Qxe7 16. g4 Bg6 17. Re1 Rad8 18. Nh4 Nd6 19. Nxg6 hxg6 20. Bb3 Rfe8 21. Bg5 Qc7 22. Qf3 Qb6 23. Ba2 e4 24. Qf4 Nd5 25. Bxd5 cxd5 26. Bxd8 Rxd8 27. Rad1 Nc4 28. b3 Nb2 29. Rd4 Nd3 30. Rxd3 exd3 31. b4 d4 32. Re7 Qf6 33. Qxf6 gxf6 0-1

[Event "Early-Titled-Tuesday-Blitz-February-06-2024"]
[Site "Chess.com"]
[Date "2024.02.06"]
[Round "2"]
[White "angelgab3"]
[Black "Orest_Vovk"]
[Result "1-0"]
[WhiteElo "2779"]
[BlackElo "2554"]
[TimeControl "180+1"]
[EndTime "8:16:45 PST"]
[Termination "angelgab3 won on time"]

1. e4 g5 2. d4 g4 3. Nc3 Bg7 4. Be3 d6 5. Be2 h5 6. h3 Nf6 7. e5 dxe5 8. dxe5 Qxd1+ 9. Rxd1 Nfd7 10. e6 fxe6 11. hxg4 hxg4 12. Rxh8+ Bxh8 13. Bxg4 Bxc3+ 14. bxc3 Nf6 15. Bf3 Nc6 16. Nh3 e5 17. Ng5 Bf5 18.
Rb1 Bxc2 19. Rxb7 e4 20. Be2 Kd7 21. Bb5 a6 22. Be2 Nd5 23. Bg4+ Ke8 24. Ne6 Rb8 25. Nxc7+ Nxc7 26. Rxc7 Ne5 27. Rc8+ Rxc8 28. Bxc8 Bd3 29. Bd4 Nc6 30. Kd2 Nxd4 31. cxd4 Bc4 32. a3 Kd8 33. Bf5 Kc7 34. Bxe4 Kb6 35. g4 Ka5 36. Bd3 Be6 37. g5 Ka4 38. Bxa6 Kxa3 39. Ke3 Kb4 40. Kf4 Kc3 41. Ke5 Bg8 42. Bc8 Kd3 43.
g6 Ke2 44. Be6 1-0

[Event "Early-Titled-Tuesday-Blitz-February-06-2024"]
[Site "Chess.com"]
[Date "2024.02.06"]
[Round "2"]
[White "Meri-Arabidze"]
[Black "Blitzking642"]
[Result "1-0"]
[WhiteElo "2746"]
[BlackElo "2535"]
[TimeControl "180+1"]
[EndTime "8:16:45 PST"]
[Termination "Meri-Arabidze won by resignation"]

1. d4 Nf6 2. c4 e6 3. g3 c5 4. Nf3 cxd4 5. Nxd4 Bb4+ 6. Nc3 d5 7.
Bg2 O-O 8. O-O e5 9. Nc2 Bxc3 10. bxc3 dxc4 11. Ba3 Re8 12. Qxd8 Rxd8 13. Ne3 Nc6 14. Nxc4 Be6 15. Nd6 Na5 16. Bb4 Nc4 17. Nxb7 Rd2 18. Nc5 Bd5 19. Rfd1 Rxd1+ 20. Rxd1 Bxg2 21.
Kxg2 a5 22. a4 h6 23. Ra1 axb4 24. cxb4 Kf8 25. b5 Ke7 26. Na6 Nd7 27. a5 Ra7 28.
Nb4 Kd6 29. Nc6 Kc5 30. Nxa7 1-0

[Event "Early-Titled-Tuesday-Blitz-February-06-2024"]
[Site "Chess.com"]
[Date "2024.02.06"]
[Round "2"]
[White "GP9isback23"]
[Black "Zhigalko_Sergei"]
[Result "1/2-1/2"]
[WhiteElo "2632"]
[BlackElo "2938"]
[TimeControl "180+1"]
[EndTime "8:16:46 PST"]
[Termination "Game drawn by agreement"]

1. d4 Nf6 2. Nf3 e6 3. e3 b6 4. Be2 Bb7 5. O-O d5 6. b3 Bd6 7. Bb2 O-O 8. c4 Nbd7 9. Nbd2 Qe7 10. Rc1 Rad8 11. Qc2 Ne4 12. cxd5 exd5 13. Nxe4 dxe4 14.
Nd2 c5 15. Nc4 Bb8 16. Rfd1 h6 17. Rd2 cxd4 18. Rxd4 Nc5 19. Rcd1 Rxd4 20. Rxd4 Ne6 21. Rd2 Rc8 22. Qd1 Bc6 23. Nd6 Bxd6 24. Rxd6 Rd8 25. Rxd8+ Nxd8 26. Qc1 Qd7 27. Qc3 Ne6 28. h3 f6 29. Bg4 Qd5 30. Bxe6+ Qxe6 31. Qd4 Qd5 32. Qxd5+ Bxd5 33. Bd4 Kf7 34. Kf1 h5 35. Ke2 Ke6 1/2-1/2

[Event "Early-Titled-Tuesday-Blitz-February-06-2024"]
[Site "Chess.com"]
[Date "2024.02.06"]
[Round "2"]
[White "Omranalhosani21"]
[Black "flomarechot"]
[Result "1-0"]
[WhiteElo "2508"]
[BlackElo "2306"]
[TimeControl "180+1"]
[EndTime "8:16:46 PST"]
[Termination "Omranalhosani21 won by resignation"]

1. Nf3 Nf6 2. g3 d6 3. Bg2 g6 4. O-O Bg7 5. d4 O-O 6. c4 c5 7.
Nc3 Bf5 8. Qb3 Nc6 9. dxc5 dxc5 10. Qxb7 Na5 11. Qb5 Bd7 12. Qxc5 Rc8 13. Qa3 Nxc4 14. Qxa7 Bc6 15. Rd1 Qe8 16. Qd4 Ne4 17. Qxc4 Nxc3 18.
bxc3 Bxf3 19. Qh4 Bxg2 20. Kxg2 Qc6+ 21. f3 Qxc3 22. Bh6 Qxa1 23. Rxa1 Bxa1 24. Bxf8 Rxf8 25.
Qxe7 Ra8 26. a3 Bb2 27. Qb7 Rxa3 28. Qb8+ 1-0

[Event "Early-Titled-Tuesday-Blitz-February-06-2024"]
[Site "Chess.com"]
[Date "2024.02.06"]
[Round "2"]
[White "SujanaLohani"]
[Black "claudyna16"]
[Result "0-1"]
[WhiteElo "1995"]
[BlackElo "2418"]
[TimeControl "180+1"]
[EndTime "8:16:46 PST"]
[Termination "claudyna16 won on time"]

1. d4 Nf6 2. Nf3 g6 3. c4 Bg7 4. g3 O-O 5. Bg2 d6 6. O-O Nc6 7. Nc3 e5 8. d5 Nb8 9. e4 a5 10. Be3 Na6 11. a3 Nc5 12. Bxc5 dxc5 13. Nxe5 Nxe4 14. Nxe4 Bxe5 15. Qc2 b6 16. Rae1 Bd4 17. h3 Bf5 18. g4 Bd7 19. Kh2 h5 20. gxh5 Qh4 21.
Ng3 Kg7 22. hxg6 fxg6 23. Qe4 Qxe4 24. Rxe4 Rae8 25. Rfe1 Rxe4 26. Rxe4 Rxf2 27. Re7+ Rf7 28. Rxf7+ Kxf7 29. b3 a4 30. b4 cxb4 31. axb4 a3 32. Ne2 Be5+ 33. Kg1 a2 0-1

[Event "Early-Titled-Tuesday-Blitz-February-06-2024"]
[Site "Chess.com"]
[Date "2024.02.06"]
[Round "2"]
[White "ViIIagra"]
[Black "KhazhatulyAlikhan"]
[Result "1-0"]
[WhiteElo "2954"]
[BlackElo "2396"]
[TimeControl "180+1"]
[EndTime "8:16:47 PST"]
[Termination "ViIIagra won on time"]

1. g3 d5 2. f4 Nf6 3. Nf3 e6 4. Bg2 Be7 5. O-O O-O 6. d3 c5 7. Nc3 Nc6 8. e4 dxe4 9. Nxe4 Nxe4 10. dxe4 Qxd1 11. Rxd1 Rd8 12. Be3 Bd7 13. c3 Be8 14.
Bf1 f6 15. Kf2 Kf8 16. g4 Bg6 17. Bd3 Rd7 18. Bc2 Rad8 19. Rxd7 Rxd7 20. h4 h5 21. g5 f5 22. Ba4 Bd6 23. e5 Be7 24.
Bxc6 bxc6 25. Nd2 Be8 26. Nb3 Rb7 27. Rb1 Kf7 28. Nxc5 Bxc5 29. Bxc5 Rb5 30. Bd6 a5 31. c4 Rb7 32. b3 a4 33. b4 Rb6 34. Ke3 Bd7 35. Kd4 Ke8 36. Kc5 Rb7 37. g6 Kd8 38.
Bf8 Be8 39. Rd1+ Kc8 40. Rd6 1-0

[Event "Early-Titled-Tuesday-Blitz-February-06-2024"]
[Site "Chess.com"]
[Date "2024.02.06"]
[Round "2"]
[White "FARIZA2018"]
[Black "Zapateado"]
[Result "0-1"]
[WhiteElo "2522"]
[BlackElo "2367"]
[TimeControl "180+1"]
[EndTime "8:16:47 PST"]
[Termination "Zapateado won by resignation"]

1. e4 c5 2. Nf3 g6 3. d4 cxd4 4.
Nxd4 Nc6 5. Nc3 Bg7 6. Be3 Nf6 7. f3 O-O 8. Qd2 d5 9. exd5 Nxd5 10.
Nxc6 bxc6 11. Bd4 e5 12. Bc5 Re8 13. O-O-O Be6 14. Bc4 Qh4 15. Bxd5 cxd5 16. Kb1 Rec8 17.
Bf2 Qc4 18. Qd3 d4 19. Qxc4 Bxc4 20. Ne4 Rc6 21. c3 f5 22. Nd2 Bd3+ 23. Ka1 dxc3 24.
bxc3 Rxc3 25. Nb1 e4 26. Kb2 Rb8+ 0-1

[Event "Early-Titled-Tuesday-Blitz-February-06-2024"]
[Site "Chess.com"]
[Date "2024.02.06"]
[Round "2"]
[White "ChainedDowntohell"]
[Black "ilqar_74"]
[Result "0-1"]
[WhiteElo "2565"]
[BlackElo "2813"]
[TimeControl "180+1"]
[EndTime "8:16:48 PST"]
[Termination "ilqar_74 won on time"]

1. d4 Nf6 2. c4 e6 3. a3 d5 4. Nf3 Be7 5. Nc3 O-O 6. Bf4 a6 7. e3 dxc4 8. Bxc4 b5 9. Bd3 Bb7 10. Qc2 Nbd7 11. Rd1 Rc8 12. b4 a5 13. Rb1 axb4 14.
axb4 c6 15. Ne5 Nb6 16. Ne4 Nxe4 17. Bxe4 h6 18. Bg3 Nd5 19. Nd3 c5 20. Nxc5 Nxb4 21.
Rxb4 Bxe4 22. Qxe4 Qa5 23. Qb1 Rxc5 24. O-O Rh5 25. Rb3 b4 26. Qd3 Qb5 27. Qc2 Rd5 28. Rfb1 Rdd8 29. h3 Rc8 30. Qd2 Rc4 31. Qd3 Rfc8 32.
Kh2 Qc6 33. e4 Rc3 34. Qd2 Rxb3 35. Rxb3 Qxe4 36. Rb2 Rd8 0-1

[Event "Early-Titled-Tuesday-Blitz-February-06-2024"]
[Site "Chess.com"]
[Date "2024.02.06"]
[Round "2"]
[White "Maxfan2008"]
[Black "Markov_Mikhail"]
[Result "1-0"]
[WhiteElo "2538"]
[BlackElo "2718"]
[TimeControl "180+1"]
[EndTime "8:16:50 PST"]
[Termination "Maxfan2008 won by resignation"]

1. d4 Nf6 2. c4 e6 3. Nc3 d5 4.
cxd5 exd5 5. Bg5 Nbd7 6. e3 Be7 7. Bd3 O-O 8. Qc2 Re8 9. Nf3 c6 10. h3 Nf8 11. Bf4 Ng6 12. Bh2 Bd6 13. Bxd6 Qxd6 14. O-O-O Be6 15. Kb1 Rec8 16. Rc1 a6 17. g4 c5 18.
dxc5 Rxc5 19. Nd4 Rac8 20. f4 b5 21. Qd2 Bd7 22. g5 Ne8 23. h4 Ne7 24. h5 Nc7 25. g6 fxg6 26. hxg6 hxg6 27. Qh2 b4 28. Qh7+ Kf7 29. f5 gxf5 30. Nxf5 Bxf5 31. Bxf5 Rf8 32. Rcf1 Re8 33. Bg4+ Nf5 34. Rxf5+ Ke7 35. Qxg7+ Kd8 36. Rh6 Qe7 37. Rf7 bxc3 38. Rxe7 c2+ 39. Kc1 Rxe7 40. Rd6+ 1-0

[Event "Early-Titled-Tuesday-Blitz-February-06-2024"]
[Site "Chess.com"]
[Date "2024.02.06"]
[Round "2"]
[White "Rosh1610"]
[Black "jeetjain"]
[Result "1-0"]
[WhiteElo "2366"]
[BlackElo "2521"]
[TimeControl "180+1"]
[EndTime "8:16:50 PST"]
[Termination "Rosh1610 won by resignation"]

1. e4 c6 2. Nc3 d5 3. Nf3 dxe4 4. Nxe4 Nf6 5. Qe2 Bf5 6. Nxf6+ gxf6 7. d3 e6 8. Nh4 Bg6 9. g3 Nd7 10. Bg2 Bd6 11. O-O Qc7 12. a4 a5 13. c3 Nc5 14.
Nxg6 hxg6 15. d4 Nd7 16. c4 f5 17. c5 Be7 18. Bf4 Qc8 19. h4 Nf6 20. Be5 Rh7 21. Qd2 Nd5 22. Bxd5 exd5 23. Rfe1 Kf8 24. Bf4 Bf6 25. Bh6+ Bg7 26. Bg5 Kg8 27. Re2 Bf8 28. Rae1 Qd7 29. Bf6 Qc7 30. Re8 Rc8 31. f4 Qd7 32.
Qe3 Rh5 33. Rxc8 Qxc8 34. Qe8 1-0

[Event "Early-Titled-Tuesday-Blitz-February-06-2024"]
[Site "Chess.com"]
[Date "2024.02.06"]
[Round "2"]
[White "SchmakAttack"]
[Black "Nouali_Mohamed"]
[Result "1-0"]
[WhiteElo "2770"]
[BlackElo "2547"]
[TimeControl "180+1"]
[EndTime "8:16:51 PST"]
[Termination "SchmakAttack won by resignation"]

1. d4 Nf6 2. c4 g6 3. Nc3 Bg7 4. Nf3 O-O 5. Bg5 c5 6. d5 b5 7. cxb5 a6 8. e3 axb5 9. Bxb5 Ne4 10. Nxe4 Qa5+ 11. Qd2 Qxb5 12. Bxe7 Ba6 13. a4 Qc4 14. Nxc5 Re8 15. Bd6 Rc8 16. Rc1 Qg4 17. Bg3 d6 18.
Nxa6 Nxa6 19. O-O Nc5 20. Bxd6 Nb3 21. Qb4 Qxb4 22. Rxc8+ Rxc8 23. Bxb4 Rb8 24. Bc3 Bf8 25. Rd1 Ra8 26. a5 1-0

[Event "Early-Titled-Tuesday-Blitz-February-06-2024"]
[Site "Chess.com"]
[Date "2024.02.06"]
[Round "2"]
[White "arnash_bauyrzhan"]
[Black "m_ezat"]
[Result "1-0"]
[WhiteElo "2267"]
[BlackElo "2465"]
[TimeControl "180+1"]
[EndTime "8:16:51 PST"]
[Termination "arnash_bauyrzhan won on time"]

1. e4 e5 2. Nf3 Nc6 3. d4 exd4 4. Bc4 Nf6 5. O-O Nxe4 6. Re1 d5 7. Bxd5 Qxd5 8. Nc3 Qa5 9. Nxe4 Be6 10. Bg5 h6 11. Bh4 Bb4 12. c3 dxc3 13. bxc3 Ba3 14. Rb1 Qa6 15. Nd4 Nxd4 16. Qxd4 O-O 17. Bf6 Qc4 18.
Bxg7 Qxd4 19. Bxd4 Rfd8 20. Rxb7 Be7 21. Rxc7 1-0

[Event "Early-Titled-Tuesday-Blitz-February-06-2024"]
[Site "Chess.com"]
[Date "2024.02.06"]
[Round "2"]
[White "Sajith_Peiris"]
[Black "Road2GM3000"]
[Result "1-0"]
[WhiteElo "2258"]
[BlackElo "2459"]
[TimeControl "180+1"]
[EndTime "8:16:51 PST"]
[Termination "Sajith_Peiris won by resignation"]

1. e4 c5 2. Nc3 d6 3. g3 g6 4.
Bg2 Bg7 5. Nge2 Nc6 6. d3 e5 7.
O-O Nge7 8. Be3 h5 9. f4 h4 10. Qe1 Nd4 11. Qf2 hxg3 12. Nxg3 Be6 13. Bxd4 cxd4 14.
f5 gxf5 15. exf5 dxc3 16. fxe6 f6 17. bxc3 d5 18. Nf5 Nxf5 19. Qxf5 Ke7 20. Rad1 Qb6+ 21. d4 Qxe6 22. Qxe6+ Kxe6 23. dxe5 fxe5 24. Bxd5+ Ke7 25. Rf7+ Ke8 26. Rxg7 Rc8 27. c4 b5 28. Re1 Rh5 29.
Bf7+ 1-0

[Event "Early-Titled-Tuesday-Blitz-February-06-2024"]
[Site "Chess.com"]
[Date "2024.02.06"]
[Round "2"]
[White "Balla_Tamas"]
[Black "dianamirza"]
[Result "1-0"]
[WhiteElo "2412"]
[BlackElo "1965"]
[TimeControl "180+1"]
[EndTime "8:16:51 PST"]
[Termination "Balla_Tamas won on time"]

1. e4 c5 2. c3 Nf6 3. e5 Nd5 4. d4 cxd4 5. Nf3 d6 6. cxd4 Nc6 7. Bc4 e6 8. O-O Be7 9. Qe2 O-O 10. Rd1 Na5 11. Bxd5 exd5 12. Nc3 Be6 13. Bf4 Rc8 14. Nb5 dxe5 15. dxe5 Qb6 16. Nd6 Rc6 17. b3 Rd8 18. Nd4 Rc7 19. Nxe6 fxe6 20. Qg4 Bxd6 21. exd6 Rxd6 22.
Bxd6 Qxd6 23. Qa4 Nc6 24. Rac1 a6 25. a3 e5 26. b4 d4 27. Qb3+ Rf7 28. Rc5 Qf6 29. Qg3 e4 30. Rd5 e3 31. fxe3 dxe3 32. h3 Qf2+ 33. Qxf2 Rxf2 34. Rd7 b5 35. Rc1 1-0

[Event "Early-Titled-Tuesday-Blitz-February-06-2024"]
[Site "Chess.com"]
[Date "2024.02.06"]
[Round "2"]
[White "Genghis_K"]
[Black "Tsschessulover"]
[Result "1-0"]
[WhiteElo "2904"]
[BlackElo "2609"]
[TimeControl "180+1"]
[EndTime "8:16:53 PST"]
[Termination "Genghis_K won by resignation"]

1. e4 e5 2. Nf3 Nf6 3. d4 Nxe4 4.
Bd3 d5 5. Nxe5 Nd7 6. Nc3 Nxe5 7. dxe5 Bb4 8. O-O Nxc3 9. bxc3 Bxc3 10. Rb1 O-O 11. Bxh7+ Kxh7 12. Qd3+ Kg8 13. Qxc3 a5 14. f4 Qd7 15. f5 Ra6 16. Qg3 Qa4 17. h3 Bxf5 18.
Rxb7 Rg6 19. Qf4 Qxc2 20. Rf2 Qd1+ 21. Kh2 c6 22. Ba3 Bc8 23. Rc7 1-0

[Event "Early-Titled-Tuesday-Blitz-February-06-2024"]
[Site "Chess.com"]
[Date "2024.02.06"]
[Round "2"]
[White "KaterynaLagno"]
[Black "Let_it_be_1"]
[Result "1-0"]
[WhiteElo "2840"]
[BlackElo "2581"]
[TimeControl "180+1"]
[EndTime "8:16:53 PST"]
[Termination "KaterynaLagno won by resignation"]

1. e4 e6 2. d4 d5 3. e5 c5 4. c3 Qb6 5. Nf3 Nc6 6. Be2 Nh6 7. O-O cxd4 8. cxd4 Nf5 9. Nc3 Ncxd4 10. Nxd4 Nxd4 11. Bd3 Nc6 12. Qe2 a6 13. a3 Bd7 14.
Bf4 Be7 15. Qg4 Qd4 16. Qxg7 O-O-O 17. Qg3 f6 18. Ne2 Qb6 19. exf6 Bxf6 20. Be3 Qb3 21.
Rfd1 Rhg8 22. Qd6 Be7 23. Qf4 e5 24. Qh6 e4 25. Bxa6 bxa6 26. Nd4 Qb7 27. Rac1 Rg6 28.
Qxh7 Rdg8 29. Qxe7 Rxg2+ 30. Kh1 Kb8 31. Nxc6+ Bxc6 32. Qd6+ Qc7 33. Rxc6 Qxd6 34. Rxd6 1-0

[Event "Early-Titled-Tuesday-Blitz-February-06-2024"]
[Site "Chess.com"]
[Date "2024.02.06"]
[Round "2"]
[White "Mesa_1"]
[Black "Gryffindorac8"]
[Result "0-1"]
[WhiteElo "2537"]
[BlackElo "2367"]
[TimeControl "180+1"]
[EndTime "8:16:54 PST"]
[Termination "Gryffindorac8 won by checkmate"]

1. d4 Nf6 2. c4 c5 3. d5 b5 4. Qc2 b4 5. e4 d6 6. a3 a5 7. h3 g6 8. Bd3 Bg7 9. Be3 O-O 10.
Nf3 e6 11. Nbd2 exd5 12. exd5 Nbd7 13. O-O Re8 14. Rfe1 Nb6 15. axb4 axb4 16. Rxa8 Nxa8 17. Bf4 Rxe1+ 18. Nxe1 Qe7 19. Nef3 Nb6 20. b3 Nh5 21.
Bh2 Nd7 22. g4 Nhf6 23. Kg2 Ne8 24. Qa2 Ne5 25. Bxe5 Bxe5 26. Ne4 f5 27. gxf5 Bxf5 28. Qa8 Kg7 29. Qa2 Nf6 30. Nxf6 Bxd3 31. Ng4 Bc3 32. Qa8 h5 33. Ne3 Be4 34. Kg3 Qf7 35.
Ng5 Be5+ 36. Kh4 Qxf2# 0-1

[Event "Early-Titled-Tuesday-Blitz-February-06-2024"]
[Site "Chess.com"]
[Date "2024.02.06"]
[Round "2"]
[White "deribas12345"]
[Black "Alen_Yeremyann"]
[Result "0-1"]
[WhiteElo "2508"]
[BlackElo "2727"]
[TimeControl "180+1"]
[EndTime "8:16:55 PST"]
[Termination "Alen_Yeremyann won on time"]

1. d4 Nf6 2. c4 e6 3. Nc3 Bb4 4. a3 Bxc3+ 5. bxc3 d5 6. f3 c5 7. e3 O-O 8. Bd3 Nc6 9. Ne2 e5 10. cxd5 Qxd5 11. e4 Qd8 12. d5 Ne7 13. O-O Ng6 14.
f4 exf4 15. Nxf4 Ne5 16. Bc2 b6 17. Nd3 Nfg4 18. Nxe5 Nxe5 19. Bf4 Re8 20. h3 Qd6 21. Qh5 g6 22. Qh6 f6 23. Ba4 Bd7 24. Bxd7 Qxd7 25. Bxe5 Rxe5 26. Rxf6 Qg7 27. Qxg7+ Kxg7 28. Raf1 Rxe4 29.
Rf7+ Kh6 30. d6 Rd8 31. d7 Re3 32. R1f4 Rxc3 33. Rh4+ Kg5 34. Rg4+ Kh6 35. Rh4+ Kg5 36. Rhxh7 Rd3 37. Kh2 Rd4 38. Re7 c4 39. g3 Rd2+ 40. Kg1 c3 41. Re8 c2 42. h4+ Kg4 43. Re4+ Kh3 44. Rc4 Rf8 0-1

[Event "Early-Titled-Tuesday-Blitz-February-06-2024"]
[Site "Chess.com"]
[Date "2024.02.06"]
[Round "2"]
[White "kekic76"]
[Black "NikitaShnadrygin"]
[Result "0-1"]
[WhiteElo "2370"]
[BlackElo "2698"]
[TimeControl "180+1"]
[EndTime "8:16:56 PST"]
[Termination "NikitaShnadrygin won by resignation"]

1. c4 Nf6 2. Nc3 d5 3. cxd5 Nxd5 4. Nf3 g6 5. g3 Bg7 6. Bg2 O-O 7. d4 Nb6 8. Bf4 Nc6 9. O-O Nxd4 10. Nxd4 Qxd4 11. Bxc7 Qc4 12. Bxb6 axb6 13. Nd5 Qc5 14. Qb3 Be6 15.
Rac1 Qd6 16. Rfd1 Ra5 17. Qxb6 Qxb6 18. Nxb6 Rxa2 19. b4 Rxe2 20. Nd5 Bf5 21. Nxe7+ Rxe7 0-1

[Event "Early-Titled-Tuesday-Blitz-February-06-2024"]
[Site "Chess.com"]
[Date "2024.02.06"]
[Round "2"]
[White "KanalSzachowy"]
[Black "HATilay"]
[Result "1-0"]
[WhiteElo "2360"]
[BlackElo "2519"]
[TimeControl "180+1"]
[EndTime "8:16:56 PST"]
[Termination "KanalSzachowy won by checkmate"]

1. e4 c5 2. Nc3 d6 3. d4 cxd4 4. Qxd4 Nc6 5. Qd2 f5 6. Nf3 Nf6 7.
Bc4 fxe4 8. Ng5 Ne5 9. Bb3 Bf5 10. O-O h6 11. Ne6 Qd7 12. Nd4 g6 13. Qe2 Bg7 14. Bf4 Nc6 15. Ncb5 e5 16. Nxf5 gxf5 17. Rad1 exf4 18.
Rxd6 Qc8 19. Rxf6 Bxf6 20. Qh5+ Kd8 21. Rd1+ Bd4 22. Qh4+ Kd7 23. Nxd4 Kc7 24. Ne6+ Kb6 25. Qxf4 a5 26. Qe3+ Ka6 27. Nc5+ Kb5 28. a4+ Kb6 29. Nd7+ Kc7 30. Qb6# 1-0

[Event "Early-Titled-Tuesday-Blitz-February-06-2024"]
[Site "Chess.com"]
[Date "2024.02.06"]
[Round "2"]
[White "chezzgirl04"]
[Black "GianmarcoVaR"]
[Result "0-1"]
[WhiteElo "2192"]
[BlackElo "2675"]
[TimeControl "180+1"]
[EndTime "8:16:57 PST"]
[Termination "GianmarcoVaR won on time"]

1. e4 c5 2. Nf3 d6 3. d4 cxd4 4.
Nxd4 Nf6 5. Nc3 a6 6. Bc4 e6 7. Bb3 b5 8. O-O Be7 9. f4 O-O 10. f5 e5 11. Nf3 Bb7 12. Bg5 Nbd7 13. Bxf6 Nxf6 14. Re1 Qb6+ 15. Kf1 Rac8 16. h3 Rxc3 17. bxc3 Nxe4 18. Rxe4 Bxe4 19. a4 Bxf5 20. axb5 axb5 21. Qe2 Qc5 22. c4 b4 23. Ra4 Bd7 24. Ra6 Bd8 25.
Qd2 Bb6 0-1

[Event "Early-Titled-Tuesday-Blitz-February-06-2024"]
[Site "Chess.com"]
[Date "2024.02.06"]
[Round "2"]
[White "Zarinur"]
[Black "Ducke13"]
[Result "1-0"]
[WhiteElo "2504"]
[BlackElo "2294"]
[TimeControl "180+1"]
[EndTime "8:16:57 PST"]
[Termination "Zarinur won on time"]

1. e4 c5 2. Nf3 d6 3. Bb5+ Nd7 4. d4 cxd4 5. Qxd4 a6 6. Bxd7+ Bxd7 7. O-O e5 8. Qd3 Rc8 9. c4 b5 10. Na3 bxc4 11.
Nxc4 Bb5 12. Nfd2 Qc7 13. b3 Nf6 14. Rd1 Be7 15. a4 Bc6 16. Ba3 O-O 17. Ne3 Qb7 18. f3 d5 19. Bxe7 Qxe7 20. exd5 Rfd8 21. Rac1 Nxd5 22.
Nxd5 Rxd5 23. Qxd5 1-0

[Event "Early-Titled-Tuesday-Blitz-February-06-2024"]
[Site "Chess.com"]
[Date "2024.02.06"]
[Round "2"]
[White "Sadykov_Ramil"]
[Black "Dedic8"]
[Result "0-1"]
[WhiteElo "2600"]
[BlackElo "2879"]
[TimeControl "180+1"]
[EndTime "8:16:58 PST"]
[Termination "Dedic8 won on time"]

1. e4 e5 2. Nf3 Nc6 3. Nc3 Nf6 4. d4 exd4 5. Nxd4 Bb4 6. Nxc6 bxc6 7. Bd3 O-O 8. O-O d5 9. exd5 Bg4 10. f3 Bh5 11.
dxc6 Qd4+ 12. Kh1 Bxc3 13. bxc3 Qxc3 14. Rb1 Bg6 15. Bxg6 hxg6 16. Bf4 Rad8 17. Qe1 Qxc6 18. Qa5 Nd5 19. Bg3 Ne3 20. Rfe1 Qxc2 21. Rg1 Rd2 22. Qxa7 Nxg2 23. Qxc7 Qxa2 24. Rb8 Rxb8 25. Qxb8+ Kh7 26. Qb4 Ne3 27. Qe4 Nf5 28. Bf4 Rf2 0-1

[Event "Early-Titled-Tuesday-Blitz-February-06-2024"]
[Site "Chess.com"]
[Date "2024.02.06"]
[Round "2"]
[White "Herzog2012"]
[Black "MightyGMpretender"]
[Result "0-1"]
[WhiteElo "2529"]
[BlackElo "2737"]
[TimeControl "180+1"]
[EndTime "8:16:59 PST"]
[Termination "MightyGMpretender won on time"]

1. e4 c5 2. Nf3 Nc6 3. Bb5 Nf6 4. e5 Nd5 5. Bxc6 dxc6 6. d3 Bg4 7. O-O g6 8. Nbd2 Bg7 9. h3 Bxf3 10. Nxf3 O-O 11. b3 a5 12. a4 Nc7 13. Bb2 Ne6 14.
Qe2 Qd5 15. Rad1 Rfd8 16. Rfe1 b5 17. Qe4 Rab8 18. Bc3 b4 19. Bb2 Rb7 20. Nd2 Ra7 21. Nc4 Nd4 22. Bxd4 cxd4 23. f4 f5 24. exf6 exf6 25.
Qe6+ Kf8 26. Re2 Bh6 27. Qxf6+ Kg8 28. Rde1 Rf8 29. Re8 Rf7 30. Rxf8+ Bxf8 31. Qe6 Bh6 32. g3 Qf3 33. Qe2 Qxg3+ 34. Kh1 Bxf4 0-1

[Event "Early-Titled-Tuesday-Blitz-February-06-2024"]
[Site "Chess.com"]
[Date "2024.02.06"]
[Round "2"]
[White "ozates"]
[Black "GMBenjaminBok"]
[Result "0-1"]
[WhiteElo "2629"]
[BlackElo "2957"]
[TimeControl "180+1"]
[EndTime "8:17:00 PST"]
[Termination "GMBenjaminBok won by resignation"]

1. e4 c5 2. Nf3 d6 3. Bb5+ Nd7 4. O-O a6 5. Bd3 Ngf6 6. Re1 e6 7. c3 b5 8. Bc2 Bb7 9. d4 Be7 10. Nbd2 Qc7 11.
Nf1 O-O 12. Ng3 Rfe8 13. e5 dxe5 14. Nxe5 cxd4 15. cxd4 Rac8 16. Bd3 Red8 17. Nh5 Nxe5 18. Rxe5 g6 19. Bf4 Nxh5 20. Be3 Ng7 21. h4 Bf6 22. Rc5 Qd7 23. Rxc8 Rxc8 24. Qg4 h5 25. Qf4 Nf5 26. Bxf5 exf5 27. Re1 Re8 28. Rc1 Rc8 29. Re1 Qd5 30. Qg3 Re8 31. Rc1 Kg7 32. Rc7 Re7 33.
Rc1 Re4 34. Rc5 Qd8 35. Rc7 Rg4 36. Qh2 Rxg2+ 37. Qxg2 Bxg2 38. Ra7 Bd5 0-1

[Event "Early-Titled-Tuesday-Blitz-February-06-2024"]
[Site "Chess.com"]
[Date "2024.02.06"]
[Round "2"]
[White "andrew-blr"]
[Black "Anton_Demchenko"]
[Result "0-1"]
[WhiteElo "2601"]
[BlackElo "2887"]
[TimeControl "180+1"]
[EndTime "8:17:00 PST"]
[Termination "Anton_Demchenko won by resignation"]

1. d4 Nf6 2. Bg5 g6 3. Bxf6 exf6 4. e3 d5 5. Nf3 c6 6. c4 dxc4 7. Bxc4 Bd6 8. Nc3 Nd7 9. O-O O-O 10.
Rc1 f5 11. g3 Nf6 12. a3 Qe7 13. Re1 Kg7 14. Qc2 Ne4 15. Nd2 Re8 16. Bd3 Nxd2 17. Qxd2 Qg5 18. Bf1 Bd7 19. Bg2 Rad8 20. b4 a6 21. Na4 h5 22. f4 Qf6 23. Nc5 Bc8 24. Nd3 Qe7 25. Rb1 h4 26. Kf2 Rh8 27. Rh1 Rh6 28.
Ne5 Be6 29. Nf3 Rdh8 30. Qc3 Bd5 31. Ng5 f6 32. Bxd5 cxd5 33. Nf3 hxg3+ 34. Kxg3 Rh3+ 35. Kf2 Qe4 36. Nd2 Rxh2+ 37. Rxh2 Rxh2+ 38. Ke1 Rxd2 0-1

[Event "Early-Titled-Tuesday-Blitz-February-06-2024"]
[Site "Chess.com"]
[Date "2024.02.06"]
[Round "2"]
[White "Sina_Movahed"]
[Black "dcremisi"]
[Result "1-0"]
[WhiteElo "3023"]
[BlackElo "2648"]
[TimeControl "180+1"]
[EndTime "8:17:01 PST"]
[Termination "Sina_Movahed won by resignation"]

1. e4 e6 2. d4 d5 3. e5 c5 4. c3 Nc6 5. Nf3 Qb6 6. a3 Bd7 7.
b4 cxd4 8. cxd4 Nge7 9. Be3 Nf5 10. Be2 Rc8 11. Nbd2 Be7 12. Nb3 O-O 13. O-O f6 14.
exf6 Nxe3 15. fxe3 Rxf6 16. Nc5 Bxc5 17. bxc5 Qc7 18.
Bb5 Rcf8 19. Bxc6 Bxc6 20. Qb3 Qa5 21. Ne5 Rxf1+ 22. Rxf1 Rxf1+ 23. Kxf1 Bb5+ 24. Kf2 Qd2+ 25. Kg3 Bc6 26. h3 h5 27. Qd3 Qe1+ 28. Kh2 h4 29. Qg6 Qxe3 30. Qxe6+ Kh7 31. Qf5+ Kg8 32. Qf7+ Kh8 33.
Qh5+ Kg8 34. Qxh4 Qxa3 35. Qg5 Qa5 36. h4 Qc7 37. h5 Be8 38. Kg1 a5 39. h6 a4 40.
hxg7 Qxg7 41. Qd8 Kf8 42. Qxd5 Qg3 43. Qe4 a3 44. Qf5+ Kg8 45. Qe6+ Kf8 46. Qf6+ Kg8 47. Qe7 Qe1+ 48. Kh2 Qh4+ 49. Qxh4 1-0